Map: Babylon LE

Players

WutangBoogie

  • Race: Terran Terran
  • Spawn Location: 5:00

Aarostotle - Winner!

  • Race: Protoss Protoss
  • League: Platinum
  • Spawn Location: 11:00

VOD

Have the link to the VOD?

Description

Death by Storm

Time

  • Played on: April 3, 2023, 9:37 p.m.
  • Length: 37:12
Show
View Real Time Build Order
Export as new Build Order

WutangBoogie Terran 

Build Orders: Liberator Opening, Reaper Expand 

Get SALT Encoding   

  12  0:00  SCV  
  13  0:12  SCV  
  14  0:17  Supply Depot  
  14  0:25  SCV  
  15  0:38  SCV  
  15  0:40  Barracks  
  16  0:45  Refinery  
  16  0:52  SCV  
  17  1:04  SCV  
  18  1:16  SCV  
  19  1:29  Reaper  
  19  1:30  Orbital Command  
  20  1:41  Command Center  
  20  1:49  Supply Depot  
  20  1:55  SCV  
  20  2:01  Refinery  
  21  2:06  Barracks Reactor  
  21  2:14  SCV  
  22  2:24  Factory  
  22  2:26  SCV  
  23  2:38  SCV  
  24  2:45  Bunker  
  23  2:52  Marine x2  
  23  2:54  Orbital Command  
  23  2:57  SCV  
  26  3:06  Barracks  
  26  3:10  Hellion  
  26  3:12  Starport  
  28  3:14  Marine x2  
  30  3:20  SCV x2  
  30  3:22  Supply Depot  
  32  3:34  Factory Tech Lab  
  32  3:35  Marine x2  
  32  3:38  SCV x2  
  36  3:47  Supply Depot  
  36  3:49  Liberator  
  36  3:50  SCV x2  
  36  3:52  Orbital Command  
  41  4:02  SCV  
  40  4:07  Marine, Siege Tank  
  40  4:08  Marine, Barracks Tech Lab  
  42  4:30  Marine x2, Marauder  
  37  4:39  Widow Mine  
  35  4:49  Marine x2  
  36  4:53  SCV  
  37  5:05  Supply Depot  
  36  5:07  Supply Depot  
  36  5:10  Orbital Command  
  36  5:20  Stimpack  
  36  5:21  Marine  
  36  5:22  Marine  
  36  5:26  Marine  
  36  5:27  SCV  
  40  5:29  Supply Depot  
  40  5:34  Supply Depot  
  40  5:36  SCV  
  40  5:39  SCV  
  42  5:49  Orbital Command  
  41  6:02  Marine, Marauder  
  41  6:03  Siege Tank  
  47  6:13  Supply Depot  
  46  6:30  Marine x2  
  46  6:31  Marine  
  46  6:32  Starport Reactor  
  47  6:34  SCV, Orbital Command  
  47  6:39  Command Center  
  48  6:46  SCV  
  47  6:49  Marauder  
  49  6:57  Marine x2  
  49  6:58  SCV  
  52  7:06  SCV  
  53  7:10  Marauder, Combat Shield  
  53  7:14  SCV  
  56  7:18  SCV  
  56  7:21  Marine x2  
  59  7:27  Refinery  
  59  7:32  SCV x2  
  61  7:40  Marine  
  61  7:41  Marine, Marauder, Supply Depot  
  65  7:44  SCV x2  
  67  7:53  Orbital Command  
  67  7:56  SCV x2  
  69  8:05  Supply Depot  
  62  8:28  Engineering Bay  
  62  8:31  SCV x2, Engineering Bay  
  64  8:37  Supply Depot  
  64  8:38  SCV  
  65  8:43  SCV x2  
  65  8:46  Marine  
  65  8:47  Marine x2  
  70  8:50  Cyclone, SCV  
  70  8:51  Medivac x2  
  78  8:55  SCV x2  
  78  8:57  Terran Infantry Armor Level 1, Terran Infantry Weapons Level 1  
  80  9:04  Barracks  
  80  9:07  Barracks x2  
  80  9:10  SCV x2  
  80  9:14  Refinery  
  80  9:16  Supply Depot  
  82  9:18  Marine x2  
  82  9:19  Marine  
  82  9:22  SCV x2  
  87  9:34  SCV  
  88  9:38  Marine x2, Armory  
  88  9:39  Marauder, Siege Tank  
  89  10:00  Marauder  
  89  10:03  Missile Turret  
  89  10:06  Marine x2  
  94  10:07  Barracks Reactor  
  94  10:08  Barracks Reactor, Missile Turret  
  94  10:09  Medivac x2  
  97  10:14  Orbital Command  
  97  10:22  Marine  
  97  10:24  Barracks Reactor, Missile Turret  
  97  10:25  Siege Tank  
  97  10:26  SCV x2  
  103  10:38  SCV x2  
  103  10:40  Marine x2  
  103  10:41  SCV  
  108  10:44  Marine x2  
  108  10:48  Missile Turret  
  110  10:50  Marine x3, SCV x2  
  110  10:52  Missile Turret  
  110  10:53  SCV  
  116  10:57  Marine  
  116  10:58  Refinery  
  116  11:01  Refinery  
  117  11:15  Terran Infantry Weapons Level 2, Terran Infantry Armor Level 2  
  117  11:20  Supply Depot  
  117  11:21  Supply Depot  
  117  11:41  Marine x6  
  117  11:42  Marauder  
  117  11:43  Marine x2, Supply Depot x2  
  117  11:45  Supply Depot  
  127  11:47  Supply Depot  
  127  11:48  Siege Tank, Supply Depot  
  127  11:49  Medivac x2  
  134  11:59  Marine  
  134  12:01  Barracks, Marine  
  136  12:02  SCV x2  
  136  12:03  SCV  
  136  12:08  Marine x2, Factory  
  140  12:09  Marine  
  140  12:14  SCV x2  
  133  12:43  Marine x2  
  133  12:44  Marine x7  
  115  12:45  Siege Tank, Medivac x2  
  113  12:56  Command Center  
  113  12:57  Factory Tech Lab  
  113  12:58  Barracks Reactor  
  113  13:01  Marine x4  
  113  13:02  SCV  
  113  13:03  SCV x2  
  88  13:46  Marine x3  
  88  13:47  Marine x5, Marauder  
  88  13:48  Siege Tank x2  
  103  13:49  Marine x2, Medivac x2  
  110  13:55  SCV x2  
  110  13:56  SCV  
  110  14:00  Sensor Tower  
  112  14:04  Marine x4  
  112  14:05  Marine x2  
  112  14:06  Marine x2  
  112  14:07  Marine x2, SCV x2  
  112  14:08  Marine  
  125  14:20  Siege Tank x2  
  125  14:21  Marine, Command Center  
  125  14:22  Marine x3  
  135  14:25  Marine  
  135  14:26  Marine x3  
  139  14:45  Marine x6  
  140  14:46  Marine x3, Marauder  
  140  14:51  Planetary Fortress  
  150  15:04  Sensor Tower  
  150  15:07  Marauder  
  152  15:23  Marine, Missile Turret  
  152  15:24  Marine x9  
  152  15:25  Siege Tank x2  
  168  15:28  Marine  
  169  15:41  Marine  
  169  15:42  Marine x2  
  138  15:51  Marine x3  
  138  15:52  Marine x3, Marauder  
  143  16:08  Marine x3  
  143  16:09  Siege Tank x2  
  152  16:12  Liberator x2  
  152  16:13  Marine x2, Marauder  
  162  16:24  Marine  
  162  16:25  Marine x4  
  166  16:26  Marine  
  166  16:31  Marine x2  
  166  16:32  Marine  
  171  16:34  Marauder  
  173  16:42  SCV x3  
  136  16:54  SCV  
  136  16:56  Marauder  
  136  16:57  Marine x10  
  139  17:17  Marauder  
  139  17:19  Marine x3  
  139  17:20  Marine x7  
  139  17:21  Siege Tank, Medivac  
  142  17:34  Sensor Tower  
  142  17:35  Siege Tank  
  145  17:37  Marine x3  
  145  17:39  Marauder  
  150  17:46  Planetary Fortress  
  150  17:48  SCV x3  
  153  17:55  Marine x3  
  153  17:56  Marine x7  
  163  18:00  Marauder  
  165  18:07  Siege Tank  
  165  18:08  Siege Tank  
  165  18:10  Liberator x2  
  177  18:13  Marine x6  
  183  18:21  Marine x4  
  183  18:22  Marine, Terran Infantry Weapons Level 3  
  183  18:23  Terran Infantry Armor Level 3  
  188  18:29  Refinery  
  188  18:30  Refinery  
  188  18:35  Command Center  
  188  19:09  Marine x4  
  191  19:10  Marine x6, Marauder  
  191  19:12  Medivac  
  200  19:40  Marine  
  138  20:52  Marine x4  
  138  20:53  Marine x4, Marauder  
  138  20:54  Siege Tank x2, Liberator  
  138  20:56  Viking  
  145  21:13  Marine x3  
  145  21:14  Marine x7  
  148  21:22  Marine  
  149  21:31  Marine x4  
  153  21:34  Marine x3  
  153  21:35  Siege Tank x2  
  162  21:41  Marauder  
  164  22:00  Marine x2  
  164  22:01  Marine x6  
  170  22:02  Marauder  
  170  22:03  Marine x2  
  176  22:18  Marine x2  
  177  22:23  Marauder  
  175  22:34  Marine x2  
  175  22:35  Marine x3  
  175  22:36  Siege Tank x2  
  146  22:45  Marauder  
  148  22:58  Marine x10  
  113  23:00  Viking x2  
  115  23:06  Marauder  
  117  23:15  Marine  
  117  23:16  Marine  
  117  23:19  Thor  
  120  23:30  Viking x2  
  122  23:49  Orbital Command  
  122  23:52  Marine  
  122  23:53  Marine x2  
  125  24:12  Viking x2  
  129  24:42  SCV x2, Sensor Tower  
  129  24:43  SCV  
  132  24:54  SCV x2  
  132  24:55  SCV  
  135  25:00  Planetary Fortress  
  135  25:02  Missile Turret  
  135  25:06  SCV x2  
  137  25:07  SCV  
  138  25:17  Marine  
  138  25:18  SCV, Thor x2  
  138  25:19  SCV x2, Viking x2  
  138  25:20  Marine x10  
  168  25:30  SCV  
  168  25:35  Marine  
  170  25:37  Marine  
  170  25:38  Marine  
  170  25:39  Marauder  
  165  25:59  Orbital Command  
  165  26:00  Marauder  
  142  26:10  Thor  
  121  26:16  Marine x2, Siege Tank  
  121  26:17  Siege Tank, Viking x2  
  133  26:47  Marine x2  
  133  26:48  Viking x2  
  133  26:52  Marine x6  
  133  26:53  Thor x2  
  157  26:54  Marine x2  
  157  26:55  Marauder  
  161  27:05  Marine x2  
  163  27:16  Marauder  
  160  27:32  Command Center  
  160  27:38  Marauder  
  160  27:41  Terran Vehicle Weapons Level 1  
  96  28:11  Marine x2  
  96  28:12  Marine x9  
  104  28:13  Siege Tank x2, Medivac  
  104  28:14  Medivac  
  102  28:30  Marauder  
  102  28:31  Marine  
  102  28:32  Marine x8, Factory  
  102  28:33  Marine  
  111  28:36  Command Center  
  109  28:45  Planetary Fortress  
  108  28:49  Marine  
  108  28:50  Marine  
  108  28:52  Marauder  
  77  29:27  Marine  
  77  29:28  Marine x8, Marauder  
  77  29:29  Siege Tank x2  
  94  29:34  Marine  
  86  29:45  Marine  
  57  29:46  Marine x5, Orbital Command  
  57  29:47  Marine x3  
  57  29:49  Medivac x2  
  57  29:50  Marauder  
  57  29:52  Marine  
  61  29:57  Factory Tech Lab  
  58  30:01  Siege Tank x2  
  58  30:03  Marine  
  58  30:04  Marine x3  
  68  30:12  SCV x2  
  68  30:13  SCV  
  70  30:15  Marine x2  
  70  30:16  Siege Tank  
  68  30:24  SCV x2  
  68  30:26  SCV  
  68  30:27  Marine  
  68  30:28  Marine, Marauder  
  69  30:36  SCV  
  71  30:45  Orbital Command  
  70  30:52  Siege Tank, Thor  
  70  30:53  Liberator  
  70  30:55  Marine  
  79  31:30  Marine x3  
  79  31:31  Marine x3, Marauder  
  79  31:32  Siege Tank  
  84  31:33  Thor  
  90  31:49  Refinery  
  90  31:51  Refinery  
  90  32:00  Marine  
  90  32:01  Marine x4  
  95  32:16  SCV  
  96  32:29  SCV  
  96  32:41  SCV  
  37  33:51  Marine  
  37  33:52  Marine x2, Marauder  
  37  33:53  Marine x6  
  37  33:54  Siege Tank  
  37  33:55  Siege Tank  
  54  34:11  Marine x2  
  54  34:14  Marauder  
  58  34:18  Marine  
  58  34:19  Marine x7  
  66  34:29  Marine  
  66  34:35  Marauder  
  60  34:43  Marine x2  
  60  34:44  Siege Tank  
  60  35:03  Marine  
Show
View Real Time Build Order
Export as new Build Order

Aarostotle Protoss - Winner!

Build Orders: Chargelot Immortal 

Get SALT Encoding   

  12  0:00  Probe  
  13  0:12  Probe  
  14  0:20  Pylon  
  14  0:26  Probe  
  15  0:38  Probe (Chrono Boost)  
  15  0:42  Gateway  
  16  0:48  Assimilator, Probe (Chrono Boost)  
  17  0:53  Probe (Chrono Boost)  
  18  1:05  Probe (Chrono Boost)  
  19  1:17  Probe (Chrono Boost)  
  20  1:29  Gateway  
  20  1:33  Cybernetics Core  
  20  1:35  Probe  
  20  1:36  Pylon  
  21  1:44  Assimilator  
  21  1:49  Probe  
  22  1:55  Gateway  
  22  2:00  Gateway  
  22  2:01  Probe  
  22  2:04  Warp Gate (Chrono Boost)  
  23  2:16  Stalker x2  
  27  2:25  Pylon  
  27  2:44  Probe  
  26  2:50  Stalker x3  
  31  2:56  Probe  
  32  3:17  Probe  
  33  3:42  Pylon  
  33  3:43  Stalker  
  33  3:44  Stalker x2  
  37  4:08  Stalker  
  37  4:09  Stalker x2  
  41  4:38  Stalker x3  
  35  4:49  Nexus  
  35  5:03  Stalker x2  
  39  5:10  Stalker  
  41  5:23  Probe (Chrono Boost)  
  42  5:28  Robotics Facility  
  43  5:35  Probe (Chrono Boost)  
  41  5:43  Probe (Chrono Boost)  
  42  5:53  Twilight Council  
  42  5:59  Probe (Chrono Boost)  
  43  6:08  Probe (Chrono Boost)  
  43  6:11  Probe (Chrono Boost)  
  46  6:18  Probe (Chrono Boost)  
  46  6:19  Probe (Chrono Boost)  
  46  6:23  Probe (Chrono Boost)  
  46  6:24  Stalker x2  
  46  6:25  Probe, Stalker  
  54  6:26  Observer  
  54  6:32  Charge (Chrono Boost)  
  56  6:34  Probe  
  56  6:37  Probe  
  58  6:40  Pylon  
  58  6:47  Warp Prism (Chrono Boost)  
  60  6:56  Probe  
  61  7:08  Probe  
  62  7:14  Observer  
  62  7:20  Immortal  
  62  7:22  Gateway  
  66  7:23  Shield Battery  
  66  7:30  Probe  
  66  7:31  Probe, Pylon  
  66  7:34  Gateway  
  68  7:57  Zealot x3  
  74  8:05  Immortal  
  78  8:10  Pylon  
  78  8:11  Assimilator  
  78  8:15  Pylon  
  78  8:16  Assimilator  
  72  8:44  Immortal  
  72  8:48  Forge  
  76  8:50  Nexus, Gateway  
  76  8:52  Gateway  
  76  8:54  Gateway  
  76  9:04  Zealot  
  76  9:05  Zealot x3  
  80  9:39  Zealot x3  
  80  9:40  Zealot  
  82  9:47  Immortal (Chrono Boost)  
  82  9:51  Protoss Ground Weapons Level 1 (Chrono Boost)  
  74  10:01  Pylon  
  74  10:02  Probe (Chrono Boost)  
  74  10:05  Probe x2 (Chrono Boost)  
  77  10:10  Templar Archives  
  77  10:11  Probe (Chrono Boost)  
  80  10:14  Probe (Chrono Boost)  
  80  10:15  Probe (Chrono Boost)  
  80  10:16  Probe (Chrono Boost)  
  80  10:17  Pylon  
  81  10:29  Psionic Storm  
  81  10:32  Immortal  
  85  10:40  Zealot x5  
  95  10:57  Robotics Facility  
  95  11:03  Probe (Chrono Boost)  
  95  11:04  Probe (Chrono Boost)  
  97  11:07  Shield Battery  
  97  11:12  Photon Cannon, Probe (Chrono Boost)  
  97  11:14  Photon Cannon  
  100  11:19  High Templar  
  100  11:20  High Templar x3  
  100  11:21  Probe x2 (Chrono Boost)  
  108  11:31  Forge  
  108  11:34  Probe (Chrono Boost)  
  108  11:36  Probe (Chrono Boost)  
  108  11:38  Immortal (Chrono Boost)  
  111  11:41  Probe (Chrono Boost)  
  111  11:45  Probe (Chrono Boost)  
  117  11:49  Probe (Chrono Boost)  
  117  11:51  Probe (Chrono Boost)  
  118  12:00  Protoss Ground Weapons Level 2 (Chrono Boost), Nexus  
  118  12:02  Pylon  
  118  12:09  High Templar x2  
  118  12:10  Protoss Ground Armor Level 1 (Chrono Boost)  
  118  12:13  Zealot  
  124  12:20  Observer  
  124  12:22  Zealot x4  
  102  12:47  Zealot x8  
  118  12:57  Immortal  
  122  13:07  Probe (Chrono Boost)  
  122  13:09  Gateway  
  122  13:11  Probe x2 (Chrono Boost)  
  125  13:19  Probe (Chrono Boost)  
  126  13:24  Probe (Chrono Boost)  
  95  13:41  Zealot x8  
  97  13:53  Immortal  
  97  13:55  Probe (Chrono Boost)  
  105  14:02  Probe (Chrono Boost)  
  105  14:03  Probe x2 (Chrono Boost)  
  105  14:04  Probe (Chrono Boost)  
  105  14:07  Immortal  
  105  14:08  Robotics Bay  
  105  14:09  Probe x4 (Chrono Boost)  
  113  14:11  Pylon  
  113  14:16  Pylon  
  114  14:17  High Templar x5  
  114  14:18  High Templar  
  114  14:20  High Templar x2  
  114  14:21  Probe x2  
  132  14:24  Archon x2  
  132  14:37  Zealot  
  134  14:46  Protoss Ground Weapons Level 3 (Chrono Boost)  
  134  14:53  Photon Cannon  
  134  14:56  Photon Cannon  
  134  14:57  Photon Cannon  
  134  15:01  Photon Cannon  
  134  15:02  Assimilator  
  134  15:03  Probe (Chrono Boost)  
  134  15:05  Photon Cannon  
  134  15:06  Assimilator  
  135  15:09  Pylon  
  135  15:10  Photon Cannon  
  135  15:11  Shield Battery  
  135  15:12  Probe (Chrono Boost)  
  136  15:17  Probe (Chrono Boost)  
  136  15:19  Zealot x5  
  136  15:20  Stalker  
  136  15:21  Stalker  
  151  15:23  Pylon  
  151  15:24  High Templar x2  
  124  15:54  Zealot x6  
  124  16:19  Zealot x8  
  124  16:20  Colossus (Chrono Boost)  
  146  16:35  Protoss Ground Armor Level 2 (Chrono Boost)  
  146  16:37  Nexus  
  146  16:40  Gateway  
  146  16:42  Pylon  
  146  16:43  Gateway  
  132  16:55  Colossus (Chrono Boost)  
  132  17:00  Pylon  
  131  17:04  Zealot x2  
  131  17:05  Zealot x6  
  132  17:22  Nexus  
  130  17:26  Probe x3  
  133  17:38  Probe x3  
  133  17:42  High Templar x2  
  140  17:47  Protoss Shields Level 1 (Chrono Boost)  
  140  17:51  Sentry  
  140  17:52  Sentry  
  144  17:59  Probe  
  144  18:00  Probe x2  
  147  18:11  Probe  
  147  18:12  Probe x2, Zealot x3  
  152  18:17  Assimilator  
  156  18:21  Pylon  
  156  18:23  Assimilator  
  156  18:30  Pylon  
  156  18:32  Pylon  
  156  18:33  Colossus  
  163  18:36  Probe (Chrono Boost)  
  163  18:38  Probe (Chrono Boost)  
  164  18:46  Probe (Chrono Boost)  
  164  18:47  Zealot x6  
  171  19:29  Stalker  
  171  19:30  Stalker x7  
  152  19:59  Colossus x2 (Chrono Boost)  
  142  20:00  Zealot x8  
  168  20:11  Probe x3  
  151  20:25  Zealot x8  
  154  20:57  Stalker x2  
  154  20:58  Stalker x4  
  159  21:15  Probe (Chrono Boost)  
  158  21:25  Probe (Chrono Boost)  
  159  21:36  Probe x3  
  159  21:39  Nexus  
  162  21:44  Zealot x4  
  170  21:48  Probe x2  
  172  22:07  Pylon  
  172  22:09  Probe  
  172  22:21  Pylon  
  134  22:45  Zealot x8  
  115  23:12  Nexus  
  115  23:45  Zealot x5  
  125  23:54  High Templar  
  125  24:26  Stalker x2  
  125  24:27  Stalker  
  121  24:55  Stalker  
  121  24:57  High Templar  
  125  25:08  Assimilator  
  125  25:11  Assimilator  
  125  25:14  Zealot  
  125  25:15  Zealot x5  
  137  25:36  Probe (Chrono Boost), Pylon  
  137  25:39  Pylon  
  137  25:41  Probe (Chrono Boost)  
  139  25:47  Probe (Chrono Boost)  
  141  25:50  Assimilator, Probe (Chrono Boost)  
  141  25:53  Probe (Chrono Boost)  
  141  25:54  Probe (Chrono Boost)  
  111  26:16  Zealot  
  111  26:17  Zealot x4  
  121  26:20  Stalker x3  
  125  26:37  Zealot x4  
  133  26:44  Zealot x2  
  137  26:56  Stalker  
  137  26:59  High Templar x2  
  137  27:01  High Templar  
  145  27:02  High Templar  
  145  27:05  Archon  
  145  27:08  Archon  
  147  27:09  Stalker  
  149  27:18  High Templar x2  
  153  27:37  Zealot x3  
  121  28:09  Zealot  
  121  28:10  Zealot x4  
  121  28:25  Immortal (Chrono Boost)  
  123  28:44  High Templar x2  
  123  28:45  High Templar  
  123  28:46  High Templar  
  131  28:52  Archon x2  
  131  28:55  High Templar  
  133  28:56  High Templar  
  133  29:02  Shield Battery  
  115  29:20  Zealot x3  
  121  29:31  Zealot x2  
  101  29:51  High Templar x4  
  109  30:13  Archon  
  99  30:28  Zealot  
  99  30:29  Zealot x2  
  105  30:42  Nexus  
  105  30:51  High Templar  
  105  30:52  High Templar  
  105  30:56  Archon  
  109  31:00  Observer  
  96  31:35  Zealot  
  96  31:36  Zealot x2  
  96  31:39  Colossus (Chrono Boost)  
  108  31:47  High Templar x2  
  112  32:02  Pylon  
  112  32:06  Probe (Chrono Boost)  
  112  32:07  Probe (Chrono Boost)  
  114  32:11  High Templar x3  
  114  32:14  High Templar  
  122  32:17  Archon  
  122  32:18  Archon  
  122  32:36  Assimilator  
  122  32:40  Assimilator  
  122  32:42  Photon Cannon  
  122  32:43  Shield Battery  
  122  32:45  Photon Cannon  
  122  32:56  Pylon  
  122  33:02  Zealot x3  
  122  33:05  High Templar x2  
  127  33:18  Probe  
  60  33:50  Stalker  
  62  33:59  Zealot x7  
  76  34:14  High Templar  
  78  34:25  High Templar  
  78  34:26  Zealot  
  78  34:27  Zealot x3  
  88  34:40  Observer  
  88  35:05  Archon  
  88  35:07  Stalker x5  
  92  35:11  High Templar x2  
  92  35:12  High Templar  
  104  35:17  Archon  
  104  35:37  Stalker  
  106  35:55  Nexus  
  100  36:04  Zealot x2  
  100  36:05  Zealot  
  104  36:22  Zealot x2  
  104  36:24  High Templar x2  
  96  36:45  Archon  
  96  36:47  Zealot x3  
Tags
 
Add a new tag
Caveats
  • Supply blocks, unpowered buildings, or Contaminate may cause inaccurate times.
  • Supply counts are checked every 10 seconds.